 Dungeon Crawl Stone Soup version 0.31.0-12-g77e489cdc1 (webtiles) character file.

Game seed: 10751953681415496557

178 ChrisAssaf the Chopper (level 5, -8/46 HPs)
             Began as a Draconian Chaos Knight on Mar 5, 2024.
             Was a Plaything of Xom.
             Mangled by a gnoll
             ... wielding a +0 halberd
              (13 damage)
             ... on level 3 of the Dungeon.
             The game lasted 00:07:56 (2459 turns).

ChrisAssaf the Chopper (Draconian Chaos Knight)     Turns: 2459, Time: 00:07:56

Health: -8/46      AC:  6    Str: 12    XL:     5   Next: 32%
Magic:  6/6        EV: 13    Int: 13    God:    Xom [.*....]
Gold:   170        SH:  0    Dex: 18    Spells: 1/6 levels left

rFire   + . .        a - +0 hand axe (chaos)
rCold   + . .        (no shield)
rNeg    . . .        (body armour unavailable)
rPois   .            (helmet restricted)
rElec   .            (no cloak)
rCorr   .            (no gloves)
SInv    .            (no boots)
Will    .....        (no amulet)
Stlth   +++          l - ring of Lies {rF+ Stlth+}
HPRegen 0.27/turn    (no ring)
MPRegen 0.10/turn

%: no passive effects
@: flying
A: AC +5, unfitting armour, cold-blooded, big wings, agile 2, cold resistance 1,
shaggy fur 1
a: Renounce Religion


You were on level 3 of the Dungeon.
You worshipped Xom.
You were a plaything of Xom.
You visited 1 branch of the dungeon, and saw 3 of its levels.

You collected 170 gold pieces.

Inventory:

Hand Weapons
 a - a +0 hand axe of chaos (weapon)
Missiles
 m - 4 atropa-tipped darts (quivered)
Jewellery
 l - the ring of Lies (left hand) {rF+ Stlth+}
   (You acquired it on level 3 of the Dungeon)

   [ring of protection from fire]

   rF+:       It protects you from fire.
   Stlth+:    It makes you more stealthy.
Wands
 k - a wand of flame (11)
Scrolls
 c - a scroll of enchant armour
 j - a scroll of teleportation
 n - a scroll of revelation {unknown}
Potions
 d - a potion of degeneration
 e - a potion of heal wounds
 f - a potion of berserk rage {unknown}
 g - 2 potions of attraction {unknown}
 h - 2 potions of brilliance
 i - a potion of curing {unknown}
 o - a potion of mutation {unknown}


   Skills:
 * Level 4.0 Fighting
 * Level 4.3 Axes
 * Level 0.6 Throwing
 * Level 2.6 Dodging
 * Level 1.4 Stealth
 * Level 1.2 Spellcasting
 * Level 0.9 Summonings
 * Level 0.2 Ice Magic
 * Level 0.1 Evocations


You had one spell level left.
You knew the following spells:

 Your Spells              Type           Power      Damage    Failure   Level
a - Call Imp              Summ           6%         N/A       28%         2
b - Frozen Ramparts       Ice            2%         1d1       58%         3

Your spell library contained the following spells:

 Spells                   Type           Power      Damage    Failure   Level
 Ensorcelled Hibernation  Hex/Ice        2%         N/A       36%         2
 Sublimation of Blood     Necr           0%         N/A       38%         2
 Passwall                 Erth           0%         N/A       63%         3
 Swiftness                Air            0%         N/A       63%         3
 Leda's Liquefaction      Alch/Erth      0%         N/A       95%         4
 Petrify                  Alch/Erth      0%         N/A       95%         4
 Metabolic Englaciation   Hex/Ice        0%         N/A       100%        5
 Summon Hydra             Summ           1%         N/A       100%        7


Dungeon Overview and Level Annotations

Branches:
Dungeon (3/15)

Altars:
Qazlal

Shops:
D:2 =:


Innate Abilities, Weirdness & Mutations

Your plain brown scales are hard. (AC +5)
You cannot fit into any form of body armour.
You are cold-blooded and may be slowed by cold attacks.
Your large and strong wings let you fly.
You are very agile. (Dex +8, Str/Int -2)
Your flesh is cold resistant. (rC+)
You are covered in fur. (AC +1)


Message History

Your butterfly disappears in a burst of colours!
The gnoll misses your butterfly.
The gnoll hits your butterfly with a +0 flail!
Your butterfly dies!
Your butterfly disappears in a burst of colours!
There is an open door here.
You swap places.
The gnoll barely misses your butterfly.
You hit the gnoll. You freeze the gnoll.
You tail-slap the gnoll, but do no damage.
The gnoll is heavily wounded.
The gnoll completely misses your butterfly.
The gnoll hits you with a +0 flail!
You barely miss the gnoll.
The gnoll is heavily wounded.
The gnoll completely misses your butterfly.
The gnoll hits you with a +0 flail!
You barely miss the gnoll.
The gnoll is heavily wounded.
The gnoll hits your butterfly with a +0 halberd.
Your butterfly dies!
Your butterfly disappears in a burst of colours!
The gnoll closely misses you.
You barely miss the gnoll.
The gnoll is heavily wounded.
Your butterfly disappears in a burst of colours! x2
The gnoll barely misses you.
You hit the gnoll. You burn the gnoll.
The gnoll is severely wounded.
The gnoll hits you from afar with a +0 halberd.
The gnoll misses you.
You closely miss the gnoll.
The gnoll is severely wounded.
The gnoll hits you from afar with a +0 halberd!
* * * LOW HITPOINT WARNING * * *
The gnoll barely misses you.
You hit the gnoll but do no damage.
The gnoll is severely wounded.
Your butterfly disappears in a burst of colours!
The gnoll hits you from afar with a +0 halberd!
You die...

.. ......#.#...####...# ##. .#
######.##.........# #. .#
#.########...#### #. >.# ##+##
#........# #. ... ##...##
#.##.###.# #. ... ##..b..##
#.##.# #.# #. ...##
##...b.b.###.##.###.# ##
.§§§####..bbbbg..##.#......######
..§...)'.)...b.g@'...............
.§..####...bbb...##.#...##.######
#...# ##..b....###.##......#
##..# ##.....## #.....#...# .#.#
##...## #####.....##### .##.#
##+## ##.####.... . ..# #.# #.###
### #.# #.# # #.# #.# #


You could see 2 gnolls.

Vanquished Creatures
  Ijyb (D:3)
  5 gnolls
  5 adders
  A dart slug (D:1)
  An orc (D:3)
  7 bats
  3 endoplasms
  2 giant cockroaches
  4 goblins
  4 hobgoblins
  4 jackals (D:1)
  3 quokkas
  4 ball pythons
  4 frilled lizards
  4 kobolds
  7 rats
59 creatures vanquished.

Vanquished Creatures (collateral kills)
  A bat (D:2)
  A frilled lizard (D:2)
2 creatures vanquished.

Vanquished Creatures (others)
  A bat (D:3)
1 creature vanquished.

Grand Total: 62 creatures vanquished

Notes
Turn   | Place    | Note
-------+----------+-------------------------------------------
     0 | D:1      | ChrisAssaf the Draconian Chaos Knight began the quest for
                  | the Orb.
     0 | D:1      | Reached XP level 1. HP: 19/19 MP: 1/1
    88 | D:1      | XOM: silly message
   150 | D:1      | Reached XP level 2. HP: 26/26 MP: 2/2
   192 | D:2      | XOM: divination: detect items
   555 | D:1      | XOM: silly message
   572 | D:1      | XOM: silly message
   928 | D:1      | XOM: butterfly on damage
   993 | D:1      | You fall into a shaft and drop 1 floor!
  1004 | D:2      | Reached XP level 3. HP: 30/33 MP: 3/3
  1015 | D:2      | Learned a level 2 spell: Call Imp
  1047 | D:2      | Found Vutessal's Jewellery Shoppe.
  1109 | D:2      | Found Tuosucikk's Book Emporium.
  1250 | D:2      | XOM: summons friendly quasit
  1257 | D:2      | Reached skill level 1 in Stealth
  1257 | D:2      | Reached XP level 4. HP: 24/40 MP: 3/5
  1261 | D:2      | Reached skill level 1 in Spellcasting
  1373 | D:2      | XOM: polymorph quasit -> ufetubus
  1392 | D:2      | XOM: polymorph ufetubus -> white imp
  1593 | D:2      | XOM: scenery: 1 doors open, 1 doors close
  1625 | D:3      | Noticed Ijyb
  1642 | D:3      | Killed Ijyb
  1643 | D:3      | XOM: give mutations
  1643 | D:3      | Gained mutation: Your flesh is cold resistant. (rC+) [Xom's
                  | grace]
  1643 | D:3      | Gained mutation: Your large and strong wings let you fly.
                  | [Xom's grace]
  1643 | D:3      | Gained mutation: You are covered in fur. (AC +1) [Xom's
                  | grace]
  1643 | D:3      | Gained mutation: You are agile. (Dex +4, Str/Int -1) [Xom's
                  | grace]
  1644 | D:3      | XOM: 8-stop teleportation journey
  1797 | D:3      | Identified a scroll of acquirement
  1797 | D:3      | Acquired the ring of Lies {rF+ Stlth+}
  1818 | D:3      | Learned a level 3 spell: Frozen Ramparts
  1881 | D:3      | XOM: confuse monster(s)
  1889 | D:3      | Reached XP level 5. HP: 46/46 MP: 6/6
  1898 | D:3      | XOM: give mutation
  1898 | D:3      | Gained mutation: You are very agile. (Dex +8, Str/Int -2)
                  | [Xom's mischief]
  2272 | D:3      | Found a stormy altar of Qazlal.
  2282 | D:3      | XOM: divination: magic mapping
  2417 | D:3      | XOM: butterfly on damage
  2433 | D:3      | HP: 1/46 [gnoll/+0 club (8)]
  2459 | D:3      | Mangled by a gnoll

Illustrated notes

Levels and vault maps discovered:
D:1:      heliophobic_arrival_dark_side_of_the_moon, layout_basic,
          corexii_hall_statues_u, minmay_bisected
D:2:      layout_basic, serial_shops, shop, shop, due_unseen_surprise
D:3:      layout_loops_corners, nicolae_qazlal_eye_of_the_storm,
          minmay_close_crescents, uniq_ijyb

Skill      XL: |  1  2  3  4 |
---------------+-------------+-----
Stealth        | 1 |  1.4
Spellcasting   | 1 |  1.2
Fighting       | 4 |  4.0
Axes           | 4 |  4.3
Throwing       | |  0.6
Dodging        | |  2.6
Summonings     | |  0.9
Ice Magic      | |  0.2
Evocations     | |  0.1

Action                     |  1- 3 |  4- 6 || total
---------------------------+-------+-------++-------
  Melee: Hand axe          |    94 |    67 ||   161
         Tailslap          |    17 |     8 ||    25
         Punch             |       |     1 ||     1
  Throw: Throwing net      |       |     1 ||     1
         Dart              |       |     1 ||     1
    Use: Scroll            |     5 |     3 ||     8
         Potion            |       |     1 ||     1
   Stab: Petrified         |     1 |       ||     1
         Sleeping          |     1 |       ||     1
         Confused          |       |     4 ||     4
         Invisible         |       |     1 ||     1
 Armour: Skin              |    70 |    38 ||   108
  Dodge: Dodged            |    92 |    43 ||   135
